 Dungeon Crawl Stone Soup version 0.23.0-3-gf3c87f2 (webtiles) character file.

Game seed: 15315544209222386169

821 Faca the Skirmisher (level 8, -2/67 HPs)
             Began as a Formicid Fighter on Feb 20, 2019.
             Slain by Prince Ribbit (15 damage)
             ... on level 5 of the Dungeon.
             The game lasted 00:10:49 (5116 turns).

Faca the Skirmisher (Formicid Fighter)              Turns: 5116, Time: 00:10:49

Health: -2/67      AC: 10    Str: 23    XL:     8   Next: 17%
Magic:  8/8        EV:  6    Int:  8    God:
Gold:   192        SH:  9    Dex: 10    Spells: 7/7 levels left

rFire    + . .     SeeInvis +   a - +0 long sword
rCold    + . .     Gourm    .   c - +0 shield
rNeg     . . .     Faith    .   B - +0 chain mail
rPois    +         Spirit   .   (helmet unavailable)
rElec    .         Reflect  .   o - scarf {rC+ rF+}
rCorr    .         Harm     .   d - +0 pair of gloves (curse)
MR       .....                  (no boots)
Stlth    ..........             (no amulet)
HPRegen  0.21/turn              h - ring of poison resistance
MPRegen  0.11/turn              (no ring)

@: no status effects
A: permanent stasis, dig shafts and tunnels, four strong arms, antennae 3
a: Dig, Shaft Self


You were on level 5 of the Dungeon.
You were not hungry.

You visited 1 branch of the dungeon, and saw 5 of its levels.

You collected 192 gold pieces.

Inventory:

Hand Weapons
 a - a +0 long sword (weapon)
 v - a +2 dagger of electrocution
Armour
 c - a +0 shield (worn)
 d - a cursed +0 pair of gloves (worn)
 o - a scarf of resistance (worn)
 B - a +0 chain mail (worn)
Jewellery
 h - a ring of poison resistance (left hand)
Wands
 y - a wand of enslavement (7)
 z - a wand of acid (9)
Scrolls
 g - 2 scrolls of noise {unknown}
 i - 7 scrolls of identify {unknown}
 j - 2 scrolls of teleportation {unknown}
 l - 2 scrolls of enchant armour {unknown}
 n - a scroll of fear {unknown}
 s - 2 scrolls of enchant weapon {unknown}
 t - 3 scrolls of remove curse {unknown}
 u - 5 scrolls of fog {unknown}
 D - a scroll of magic mapping {unknown}
Potions
 b - a potion of berserk rage {unknown}
 e - 2 potions of brilliance {unknown}
 k - 3 potions of lignification {unknown}
 m - 3 potions of heal wounds {unknown}
 p - 2 potions of curing
 q - 2 potions of might
 r - 3 potions of degeneration {unknown}
 w - a potion of flight {unknown}
 A - a potion of haste {unknown}
 C - a potion of ambrosia {unknown}
Comestibles
 f - 7 rations


   Skills:
 + Level 7.4 Fighting
 + Level 6.3 Long Blades
 - Level 3.2 Armour
 - Level 3.6 Shields


You had 7 spell levels left.
You didn't know any spells.
Your spell library was empty.

Dungeon Overview and Level Annotations

Branches:
Dungeon (5/15)
 Temple: D:4-7

Altars:
Elyvilon
Kikubaaqudgha
Nemelex Xobeh
Okawaru
Ru

Annotations:
D:5 Prince Ribbit


Innate Abilities, Weirdness & Mutations

You cannot be hasted, slowed, berserked, paralysed or teleported.
You can dig through walls and to a lower floor.
Your four strong arms can wield two-handed weapons with a shield.
You have a pair of large antennae on your head. (SInv)


Message History

Prince Ribbit is heavily wounded.
You block Prince Ribbit's attack. Prince Ribbit hits you!
* * * LOW HITPOINT WARNING * * *
You closely miss Prince Ribbit.
Prince Ribbit is heavily wounded.
Prince Ribbit closely misses you.
You miss Prince Ribbit.
Prince Ribbit is heavily wounded.
Prince Ribbit hits you but does no damage.
Prince Ribbit blinks!
You feel better.
Found a stone staircase leading down.
You hit Prince Ribbit but do no damage.
Prince Ribbit is moderately wounded.
Prince Ribbit hits you!
* * * LOW HITPOINT WARNING * * *
You barely miss Prince Ribbit.
Prince Ribbit is moderately wounded.
Prince Ribbit hits you!
You die...

##
#.....###...####..####...##..
#...### ##...###.........#...
....# ##......#.............
# .##.
##...........####....## ...
#..##..........### #...###
#..# #.......[.....# ##..#
.## ##............## #..# #
#......F......## #..#
##......@......# #..#
#...............# #..#
##...#........... #...
#..#.........##. ....
#.##........## #. ##
.......### ........#
##..>...##


You could see Prince Ribbit.

Vanquished Creatures
  Sigmund (D:3)
  An ogre (D:5)
  A scorpion (D:5)
  A howler monkey (D:4)
  A crimson imp (D:5)
  2 orc wizards (D:5)
  A bullfrog skeleton (D:5)
  An iguana (D:4)
  5 worker ants
  4 gnolls (D:5)
  8 adders
  A howler monkey skeleton (D:4)
  2 oozes
  2 worms (D:2)
  A leopard gecko (D:1)
  10 orcs
  9 ball pythons (D:3)
  13 bats
  4 giant cockroaches
  6 hobgoblins
  8 jackals (D:2)
  4 frilled lizards
  5 goblins
  5 kobolds
  10 rats
106 creatures vanquished.

Notes
Turn   | Place    | Note
-------+----------+-------------------------------------------
     0 | D:1      | Faca the Formicid Fighter began the quest for the Orb.
     0 | D:1      | Reached XP level 1. HP: 18/18 MP: 1/1
   109 | D:1      | Reached XP level 2. HP: 23/24 MP: 2/2
   565 | D:2      | Found a white marble altar of Elyvilon.
   615 | D:2      | Reached XP level 3. HP: 11/30 MP: 3/3
   916 | D:2      | Found an iron altar of Okawaru.
   920 | D:2      | Reached skill level 4 in Fighting
   949 | D:2      | Reached XP level 4. HP: 30/37 MP: 4/4
  1247 | D:2      | Found an ancient bone altar of Kikubaaqudgha.
  1690 | D:3      | Noticed Sigmund
  2020 | D:3      | Killed Sigmund
  2020 | D:3      | Reached skill level 5 in Fighting
  2020 | D:3      | Reached XP level 5. HP: 22/45 MP: 5/5
  2020 | D:3      | Reached XP level 6. HP: 25/51 MP: 6/6
  2995 | D:3      | Reached skill level 6 in Fighting
  3038 | D:4      | Reached skill level 5 in Long Blades
  3171 | D:4      | Reached XP level 7. HP: 37/58 MP: 7/7
  3259 | D:4      | Found a sparkling altar of Nemelex Xobeh.
  3895 | D:5      | Entered Level 5 of the Dungeon
  4007 | D:5      | Found a sacrificial altar of Ru.
  4304 | D:5      | Reached skill level 7 in Fighting
  4485 | D:5      | Reached XP level 8. HP: 15/67 MP: 8/8
  4805 | D:5      | Noticed Prince Ribbit
  5116 | D:5      | Slain by Prince Ribbit

Skill      XL: |  1  2  3  4  5  6  7 |
---------------+----------------------+-----
Fighting       | 4 5 6 7 |  7.4
Long Blades    | 3 4 5 6 |  6.3
Armour         | |  3.2
Shields        | |  3.6

Action                   |  1- 3 |  4- 6 |  7- 9 || total
-------------------------+-------+-------+-------++-------
Melee: Long sword        |   131 |   155 |   162 ||   448
 Abil: Dig               |       |       |     1 ||     1
  Use: Potion            |       |     1 |     1 ||     2
 Stab: Paralysed         |       |       |     1 ||     1
  Eat: Chunk             |       |     7 |     5 ||    12
       Ration            |       |       |     1 ||     1
Armor: Scale mail        |    84 |    72 |     9 ||   165
       Chain mail        |       |       |    45 ||    45
Dodge: Dodged            |    60 |    49 |    34 ||   143
Block: Shield            |    96 |    99 |    70 ||   265
       Rpst.: Long sword |    16 |    12 |    10 ||    38
